 Dungeon Crawl Stone Soup version 0.21-a0-582-g1b93aee (webtiles) character file.

2154 mopl the Stinger (level 9, -3/67 HPs)
             Began as a Gnoll Wanderer on Dec 19, 2017.
             Was a Follower of Ru.
             Slain by a hog (11 damage)
             ... on level 7 of the Dungeon.
             The game lasted 00:15:24 (7880 turns).

mopl the Stinger (Gnoll Wanderer)                   Turns: 7880, Time: 00:15:25

Health: -3/67      AC:  6    Str: 18    XL:     9   Next: 31%
Magic:  16/16      EV: 14    Int:  9    God:    Ru [*.....]
Gold:   278        SH:  5    Dex: 16    Spells: 18/18 levels left

rFire    . . .     SeeInvis .   a - +0 trident
rCold    + . .     Gourm    .   K - +0 buckler of the Swamp {rN++ rCorr Int-4}
rNeg     + + .     Faith    .   x - +0 troll leather armour {Purgy}
rPois    .         Spirit   .   n - +0 helmet
rElec    .         Reflect  .   (no cloak)
rCorr    +         Harm     .   (no gloves)
MR       +....                  (no boots)
Stlth    +++.......             G - amulet of rage
HPRegen  0.61/turn              v - ring of protection from cold
MPRegen  0.15/turn              H - ring of protection from magic

@: no status effects
A: distributed training, fangs 1, hated by all, strong nose
a: Renounce Religion, Evoke Berserk Rage


You were on level 7 of the Dungeon.
You worshipped Ru.
Ru was aware of your devotion.
You were very hungry.

You visited 2 branches of the dungeon, and saw 8 of its levels.
You also visited: Sewer.

You collected 278 gold pieces.

Inventory:

Hand Weapons
 a - a +0 trident (weapon)
 j - a +0 hunting sling
 k - a +0 war axe
 z - a +0 shortbow
 B - a +0 long sword
Missiles
 d - 67 sling bullets
 h - 48 bolts
 l - 22 poisoned needles
 o - 145 stones (quivered)
 F - 70 arrows
Armour
 n - a +0 helmet (worn)
 q - a +3 ring mail of fire resistance
 x - a +0 troll leather armour (worn) {Purgy}
 K - the +0 buckler of the Swamp (worn) {rN++ rCorr Int-4}
   (You found it on level 7 of the Dungeon)

   It affects your intelligence (-4).
   It greatly protects you from negative energy.
   It protects you from acid and corrosion.
Jewellery
 v - a ring of protection from cold (left hand)
 G - an amulet of rage (around neck)
 H - a ring of protection from magic (right hand)
Wands
 b - a wand of digging (10)
 w - a wand of flame (41)
 J - a wand of disintegration (8)
Scrolls
 g - 2 scrolls of amnesia
 m - a scroll of fear {unknown}
 p - 2 scrolls of remove curse
 s - a scroll of teleportation {unknown}
 t - 3 scrolls of enchant armour
 u - a scroll of noise {unknown}
 D - a scroll of random uselessness {unknown}
Potions
 e - 2 potions of resistance
 r - 3 potions of haste
 A - a potion of curing
 C - a potion of magic {unknown}
 E - 2 potions of might {unknown}
 I - a potion of flight {unknown}
Books
 c - the Catalogue of Evil Secrets

   Spells                             Type                      Level
   a - Animate Skeleton               Necromancy                   1
   b - Regeneration                   Charms/Necromancy            3
Comestibles
 f - 10 rations


   Skills:
 + Level 4.9 Fighting
 + Level 4.0 Short Blades
 + Level 4.0 Long Blades
 + Level 4.0 Axes
 + Level 4.0 Maces & Flails
 + Level 4.0 Polearms
 + Level 4.0 Staves
 + Level 4.0 Slings
 + Level 4.0 Bows
 + Level 4.0 Crossbows
 + Level 4.0 Throwing
 + Level 6.2 Armour
 + Level 4.0 Dodging
 + Level 5.9 Stealth
 + Level 4.0 Shields
 + Level 4.0 Unarmed Combat
 + Level 5.0 Spellcasting
 + Level 3.3 Conjurations
 + Level 3.3 Hexes
 + Level 3.3 Charms
 + Level 3.3 Summonings
 + Level 3.3 Necromancy
 + Level 3.3 Translocations
 + Level 3.3 Transmutations
 + Level 3.3 Fire Magic
 + Level 3.3 Ice Magic
 + Level 3.3 Air Magic
 + Level 3.3 Earth Magic
 + Level 7.9 Poison Magic
 + Level 4.4 Invocations
 + Level 4.0 Evocations


You had 18 spell levels left.
You didn't know any spells.

Dungeon Overview and Level Annotations

Branches:
Dungeon (7/15)             Temple (1/1) D:4

Altars:
Ashenzari
Cheibriados
Gozag
Hepliaklqana
Kikubaaqudgha
Makhleb
Ru
Sif Muna
Trog
Uskayaw
Vehumet
Wu Jian
Yredelemnul
Zin


Innate Abilities, Weirdness & Mutations

Your experience applies equally to all skills.
You have very sharp teeth.
You are hated by all.
Your uncanny sense of smell can sniff out nearby items.


Message History

The hog misses you.
Unknown command.
Evoke which item? (* to show all) (? for menu, Esc to quit)
Aiming: Disintegrate
Press: ? - help, Shift-Dir - straight line, f/p - hog
Aim: a hog (severely wounded, chance to defeat MR: 80%)
The hog is blasted.
You blow up the hog!
Your Spellcasting skill increases to level 5!
The human hits you but does no damage.
The hog is stunned by your will and fails to attack.
The hog barely misses you.
Evoke which item? (* to show all) (? for menu, Esc to quit)
Aiming: Disintegrate
Press: ? - help, Shift-Dir - straight line, f - hog
Aim: a hog (chance to defeat MR: 80%)
The hog is blasted.
The hog bites you!
* * * LOW HITPOINT WARNING * * *
The hog bites you!
You die...

## .# ##############
.# ##.#......p.p.#
###
.###....########h#
... ........# #@#
..# .#.#....# ##.##
.#.##.#.# ##...##
........# #.....# ..
##.##)#### #.....#
#.#
#.##'##.#######...#
#.#
##.#.....'...∆∆#...#
#.# ..∆......#.h.
∆###.##### #.# ##
##.......# #.......#
#.##.##


You could see a hog and a human.

Vanquished Creatures
  The ghost of Squigly the Bolt Thrower, a novice KoHu of Okawaru (D:4)
  A hog (D:7)
  An orc warrior (D:5)
  Purgy (Sewer)
  An ice beast (D:6)
  A black bear (D:6)
  A phantom (D:4)
  A sky beast (D:6)
  2 centaurs
  A bullfrog (D:6)
  Blork the orc (D:4)
  The ghost of zero the Sneak, an amateur SpEn of Vehumet (D:3)
  2 scorpions
  A howler monkey (D:5)
  3 crimson imps
  3 hounds
  2 orc priests
  4 orc wizards
  4 worker ants
  A hound zombie (D:6)
  A howler monkey zombie (D:5)
  3 gnolls (D:6)
  8 adders
  A river rat (D:6)
  An adder zombie (D:6)
  An adder skeleton (D:7)
  9 worms
  2 dart slugs
  4 leopard geckos
  17 orcs
  5 giant cockroaches
  6 hobgoblins
  6 jackals (D:2)
  2 quokkas
  15 bats
  4 frilled lizards
  8 goblins
  7 kobolds
  A leopard gecko skeleton (D:6)
  A quokka skeleton (D:5)
  3 rats
  A spectral orc (D:6)
139 creatures vanquished.

Notes
Turn   | Place    | Note
-------+----------+-------------------------------------------
     0 | D:1      | mopl the Gnoll Wanderer began the quest for the Orb.
     0 | D:1      | mopl set off with: a +2 dagger, a potion of heal wounds, the Catalogue of Evil Secrets, a +0 ring mail, a ration
     0 | D:1      | Reached XP level 1. HP: 17/17 MP: 4/4
     0 | D:1      | Identified the Catalogue of Evil Secrets
   177 | D:1      | Reached XP level 2. HP: 18/23 MP: 5/5
   816 | D:2      | Reached XP level 3. HP: 22/28 MP: 7/7
   855 | D:2      | HP: 2/42 [poisoned by an adder]
   863 | D:2      | HP: 1/42 [poisoned by an adder]
  1200 | D:2      | Found a snail-covered altar of Cheibriados.
  1234 | D:2      | Reached skill level 1 in Invocations
  1522 | D:2      | Found an ancient bone altar of Kikubaaqudgha.
  1532 | D:2      | Reached skill level 1 in Short Blades
  1532 | D:2      | Reached skill level 1 in Long Blades
  1532 | D:2      | Reached skill level 1 in Axes
  1532 | D:2      | Reached skill level 1 in Maces & Flails
  1532 | D:2      | Reached skill level 1 in Polearms
  1532 | D:2      | Reached skill level 1 in Staves
  1532 | D:2      | Reached skill level 1 in Slings
  1532 | D:2      | Reached skill level 1 in Bows
  1532 | D:2      | Reached skill level 1 in Crossbows
  1532 | D:2      | Reached skill level 1 in Throwing
  1532 | D:2      | Reached skill level 1 in Dodging
  1532 | D:2      | Reached skill level 1 in Shields
  1532 | D:2      | Reached skill level 1 in Unarmed Combat
  1532 | D:2      | Reached skill level 1 in Evocations
  1742 | D:2      | Found a glowing silver altar of Zin.
  1745 | D:2      | Reached XP level 4. HP: 34/34 MP: 8/8
  1749 | D:2      | Found a hide-covered altar of Uskayaw.
  1749 | D:2      | Found a deep blue altar of Sif Muna.
  2092 | D:3      | Reached skill level 3 in Spellcasting
  2125 | D:3      | Reached skill level 1 in Conjurations
  2125 | D:3      | Reached skill level 1 in Hexes
  2125 | D:3      | Reached skill level 1 in Charms
  2125 | D:3      | Reached skill level 1 in Summonings
  2125 | D:3      | Reached skill level 1 in Necromancy
  2125 | D:3      | Reached skill level 1 in Translocations
  2125 | D:3      | Reached skill level 1 in Transmutations
  2125 | D:3      | Reached skill level 1 in Fire Magic
  2125 | D:3      | Reached skill level 1 in Ice Magic
  2125 | D:3      | Reached skill level 1 in Air Magic
  2125 | D:3      | Reached skill level 1 in Earth Magic
  2394 | D:3      | Reached XP level 5. HP: 19/40 MP: 9/9
  2643 | D:3      | Noticed zero's ghost (amateur SpEn)
  2703 | D:3      | Killed zero's ghost
  2703 | D:3      | Reached skill level 3 in Fighting
  2773 | D:3      | Found an ornate altar of the Wu Jian Council.
  2942 | D:3      | Reached XP level 6. HP: 34/47 MP: 10/10
  3212 | D:4      | Noticed a phantom
  3243 | D:4      | Reached skill level 2 in Invocations
  3429 | D:4      | Killed a phantom
  3429 | D:4      | Reached skill level 2 in Short Blades
  3429 | D:4      | Reached skill level 2 in Long Blades
  3429 | D:4      | Reached skill level 2 in Axes
  3429 | D:4      | Reached skill level 2 in Maces & Flails
  3429 | D:4      | Reached skill level 2 in Polearms
  3429 | D:4      | Reached skill level 2 in Staves
  3429 | D:4      | Reached skill level 2 in Slings
  3429 | D:4      | Reached skill level 2 in Bows
  3429 | D:4      | Reached skill level 2 in Crossbows
  3429 | D:4      | Reached skill level 2 in Throwing
  3429 | D:4      | Reached skill level 5 in Armour
  3429 | D:4      | Reached skill level 2 in Dodging
  3429 | D:4      | Reached skill level 2 in Shields
  3429 | D:4      | Reached skill level 2 in Unarmed Combat
  3429 | D:4      | Reached skill level 2 in Evocations
  3688 | D:4      | Noticed Blork the orc
  3693 | D:4      | Killed Blork the orc
  3704 | D:4      | Found a staircase to the Ecumenical Temple.
  3740 | Temple   | Entered the Ecumenical Temple
  3748 | Temple   | Became a worshipper of Ru the Awakened
  3820 | D:4      | Noticed Squigly's ghost (novice KoHu)
  3832 | D:4      | Killed Squigly's ghost
  3832 | D:4      | Reached skill level 2 in Conjurations
  3832 | D:4      | Reached skill level 2 in Hexes
  3832 | D:4      | Reached skill level 2 in Charms
  3832 | D:4      | Reached skill level 2 in Summonings
  3832 | D:4      | Reached skill level 2 in Necromancy
  3832 | D:4      | Reached skill level 2 in Translocations
  3832 | D:4      | Reached skill level 2 in Transmutations
  3832 | D:4      | Reached skill level 2 in Fire Magic
  3832 | D:4      | Reached skill level 2 in Ice Magic
  3832 | D:4      | Reached skill level 2 in Air Magic
  3832 | D:4      | Reached skill level 2 in Earth Magic
  3832 | D:4      | Reached XP level 7. HP: 52/52 MP: 12/12
  4187 | D:5      | Entered Level 5 of the Dungeon
  4243 | D:5      | Reached skill level 5 in Stealth
  4313 | D:5      | Reached skill level 3 in Invocations
  4314 | D:5      | Reached skill level 4 in Spellcasting
  4791 | D:5      | Reached XP level 8. HP: 42/60 MP: 14/14
  5229 | D:5      | Reached skill level 4 in Fighting
  5386 | D:5      | Reached skill level 3 in Short Blades
  5386 | D:5      | Reached skill level 3 in Long Blades
  5386 | D:5      | Reached skill level 3 in Axes
  5386 | D:5      | Reached skill level 3 in Maces & Flails
  5386 | D:5      | Reached skill level 3 in Polearms
  5386 | D:5      | Reached skill level 3 in Staves
  5386 | D:5      | Reached skill level 3 in Slings
  5386 | D:5      | Reached skill level 3 in Bows
  5386 | D:5      | Reached skill level 3 in Crossbows
  5386 | D:5      | Reached skill level 3 in Throwing
  5386 | D:5      | Reached skill level 3 in Dodging
  5386 | D:5      | Reached skill level 3 in Shields
  5386 | D:5      | Reached skill level 3 in Unarmed Combat
  5386 | D:5      | Reached skill level 3 in Evocations
  5762 | D:6      | HP: 3/61 [worm (3)]
  5885 | D:6      | Found a glowing drain.
  5912 | Sewer    | Entered a sewer
  6293 | Sewer    | Noticed Purgy
  6340 | Sewer    | Killed Purgy
  6589 | D:6      | Reached skill level 3 in Conjurations
  6589 | D:6      | Reached skill level 3 in Hexes
  6589 | D:6      | Reached skill level 3 in Charms
  6589 | D:6      | Reached skill level 3 in Summonings
  6589 | D:6      | Reached skill level 3 in Necromancy
  6589 | D:6      | Reached skill level 3 in Translocations
  6589 | D:6      | Reached skill level 3 in Transmutations
  6589 | D:6      | Reached skill level 3 in Fire Magic
  6589 | D:6      | Reached skill level 3 in Ice Magic
  6589 | D:6      | Reached skill level 3 in Air Magic
  6589 | D:6      | Reached skill level 3 in Earth Magic
  6589 | D:6      | Reached skill level 4 in Invocations
  6628 | D:6      | Reached XP level 9. HP: 57/66 MP: 16/16
  6649 | D:6      | Found a radiant altar of Vehumet.
  6720 | D:6      | Reached skill level 6 in Armour
  7258 | D:6      | Gained mutation: You are hated by all. [Ru sacrifice]
  7258 | D:6      | Reached * piety under Ru
  7484 | D:6      | Found a basalt altar of Yredelemnul.
  7825 | D:7      | Got a warped buckler
  7838 | D:7      | Identified the +0 buckler of the Swamp {rN++ rCorr Int-4} (You found it on level 7 of the Dungeon)
  7860 | D:7      | Reached skill level 4 in Short Blades
  7860 | D:7      | Reached skill level 4 in Long Blades
  7860 | D:7      | Reached skill level 4 in Axes
  7860 | D:7      | Reached skill level 4 in Maces & Flails
  7860 | D:7      | Reached skill level 4 in Polearms
  7860 | D:7      | Reached skill level 4 in Staves
  7860 | D:7      | Reached skill level 4 in Slings
  7860 | D:7      | Reached skill level 4 in Bows
  7860 | D:7      | Reached skill level 4 in Crossbows
  7860 | D:7      | Reached skill level 4 in Throwing
  7860 | D:7      | Reached skill level 4 in Dodging
  7860 | D:7      | Reached skill level 4 in Shields
  7860 | D:7      | Reached skill level 4 in Unarmed Combat
  7860 | D:7      | Reached skill level 4 in Evocations
  7864 | D:7      | Reached skill level 5 in Spellcasting
  7880 | D:7      | Slain by a hog

Vault maps used:
D:1:      minmay_arrival_stair_chambers
D:2:      lemuel_round_altar, cheibriados_altar_1,
          nicolae_overflow_hidden_temple, first_ration
D:3:      nicolae_overflow_crystal_walls
D:4:      minmay_temple_entry_enclosed_plants, uniq_blork_the_orc
D:5:      serial_glass, glass_columns_b, glass_columns_b, glass_columns_b,
          glass_columns_a, glass_columns_b
D:6:      yredelemnul_forgotten_temple_becter, lightli_sewer_entry_pipes,
          vehumet_altar_wand_db
D:7:      lemuel_doored_altar, serial_shops, kennysheep_mini_moat,
          grunt_livestock, kennysheep_generic_room_4, uniq_menkaure, uniq_joseph
Temple:   eino_temple_lava
Sewer:    sewer_big_baddie

Skill      XL: |  1  2  3  4  5  6  7  8  9 |
---------------+----------------------------+-----
Invocations    | 1 2 3 4 |  4.4
Short Blades   | 1 2 3 4 |  4.0
Long Blades    | 1 2 3 4 |  4.0
Axes           | 1 2 3 4 |  4.0
Maces & Flails | 1 2 3 4 |  4.0
Polearms       | 1 2 3 4 |  4.0
Staves         | 1 2 3 4 |  4.0
Slings         | 1 2 3 4 |  4.0
Bows           | 1 2 3 4 |  4.0
Crossbows      | 1 2 3 4 |  4.0
Throwing       | 1 2 3 4 |  4.0
Dodging        | 1 2 3 4 |  4.0
Shields        | 1 2 3 4 |  4.0
Unarmed Combat | 1 2 3 4 |  4.0
Evocations     | 1 2 3 4 |  4.0
Spellcasting   | 3 4 5 |  5.0
Conjurations   | 1 2 3 |  3.3
Hexes          | 1 2 3 |  3.3
Charms         | 1 2 3 |  3.3
Summonings     | 1 2 3 |  3.3
Necromancy     | 1 2 3 |  3.3
Translocations | 1 2 3 |  3.3
Transmutations | 1 2 3 |  3.3
Fire Magic     | 1 2 3 |  3.3
Ice Magic      | 1 2 3 |  3.3
Air Magic      | 1 2 3 |  3.3
Earth Magic    | 1 2 3 |  3.3
Fighting       | 3 4 |  4.9
Armour         | 5 6 |  6.2
Stealth        | 5 |  5.9
Poison Magic   | |  7.9

Action                   |  1- 3 |  4- 6 |  7- 9 || total
-------------------------+-------+-------+-------++-------
Melee: Dagger            |    18 |       |       ||    18
       Hand axe          |   110 |   189 |   416 ||   715
       Bite              |    15 |    17 |    72 ||   104
       Punch             |       |       |     1 ||     1
       Trident           |       |       |   189 ||   189
Throw: Stone             |       |       |     3 ||     3
Invok: Sacrifice Love    |       |       |     1 ||     1
Evoke: Wand              |       |     6 |     8 ||    14
  Use: Potion            |     1 |     2 |     3 ||     6
       Scroll            |       |     6 |     1 ||     7
 Stab: Sleeping          |     2 |     4 |     8 ||    14
       Distracted        |       |       |     1 ||     1
  Eat: Chunk             |     3 |     6 |    14 ||    23
Armor: Ring mail         |    60 |    84 |   158 ||   302
       Skin              |       |    28 |    12 ||    40
       Troll leather arm |       |       |    47 ||    47
Dodge: Dodged            |    88 |    97 |   315 ||   500
Block: Buckler           |       |       |   144 ||   144

Table legend:
 A = Spawn XP
 B = Non-spawn XP
 C = Spawn XP percentage of total XP
 D = Spawn monster count
 E = Non-spawn monster count
 F = Spawn count percentage of total count
 G = Total turns spent on level
                    A         B        C        D         E        F      G
               +---------+---------+-------+---------+---------+-------+---------
         Total |       0 |    3078 |   0.0 |       0 |     139 |   0.0 |  7880
               +---------+---------+-------+---------+---------+-------+---------
           D:1 |       0 |      27 |   0.0 |       0 |      16 |   0.0 |   795
           D:2 |       0 |      58 |   0.0 |       0 |      23 |   0.0 |  1443
           D:3 |       0 |     247 |   0.0 |       0 |      21 |   0.0 |  1073
           D:4 |       0 |     610 |   0.0 |       0 |       7 |   0.0 |  1098
           D:5 |       0 |     607 |   0.0 |       0 |      24 |   0.0 |  1302
           D:6 |       0 |    1084 |   0.0 |       0 |      39 |   0.0 |  1376
           D:7 |       0 |     305 |   0.0 |       0 |       3 |   0.0 |   238
         Sewer |       0 |     140 |   0.0 |       0 |       6 |   0.0 |   538
               +---------+---------+-------+---------+---------+-------+---------
